 Dungeon Crawl Stone Soup version 0.25.1-2-g60ff931df9 (webtiles) character file.

Game seed: 16170262698697543708

2663 lorenzova the Thaumaturge (level 9, -4/45 HPs)
             Began as a Deep Elf Conjurer on Sept 16, 2020.
             Was a Priest of Vehumet.
             Killed by the air
             ... invoked by Gastronok
              (24 damage)
             ... on level 7 of the Dungeon.
             The game lasted 00:14:12 (9136 turns).

lorenzova the Thaumaturge (Deep Elf Conjurer)       Turns: 9136, Time: 00:14:12

Health: -4/45      AC:  7    Str:  5    XL:     9   Next: 36%
Magic:  22/26      EV: 12    Int: 24    God:    Vehumet [***...]
Gold:   371        SH:  0    Dex: 15    Spells: 19/30 levels left

rFire    + . .     SeeInvis .   v - +0 dagger (venom)
rCold    x . .     Gourm    .   (no shield)
rNeg     + . .     Faith    .   C - +1 leather armour "Qahed" {rN+ rCorr}
rPois    .         Spirit   .   (no helmet)
rElec    .         Reflect  .   (no cloak)
rCorr    +         Harm     .   e - +2 pair of gloves
MR       .....                  (no boots)
Stlth    +++.......             (no amulet)
HPRegen  0.15/turn              d - ring of stealth
MPRegen  0.20/turn              D - ring of fire

@: studying Short Blades
A: no striking features
a: Renounce Religion


You were on level 7 of the Dungeon.
You worshipped Vehumet.
Vehumet was most pleased with you.
You were not hungry.

You visited 2 branches of the dungeon, and saw 9 of its levels.

You collected 371 gold pieces.

Inventory:

Hand Weapons
 v - a +0 dagger of venom (weapon)
Armour
 e - a +2 pair of gloves (worn)
 C - the +1 leather armour "Qahed" (worn) {rN+ rCorr}
   (You found it on level 6 of the Dungeon)

   It protects you from negative energy.
   It provides partial protection from all sources of acid and corrosion.
Jewellery
 d - a ring of stealth (left hand)
 D - a ring of fire (right hand)
Wands
 p - a wand of enslavement (7)
 t - a wand of acid (7)
 z - a wand of polymorph (4)
 H - a wand of clouds (4)
Scrolls
 b - 5 scrolls of teleportation
 g - 2 scrolls of random uselessness {unknown}
 h - 2 scrolls of fog {unknown}
 j - a scroll of noise {unknown}
 l - 4 scrolls of amnesia
 n - 4 scrolls of remove curse
 r - 3 scrolls of magic mapping {unknown}
 w - 2 scrolls of enchant weapon {unknown}
 y - 3 scrolls of immolation {unknown}
 B - a scroll of holy word {unknown}
Potions
 f - 4 potions of lignification
 i - a potion of brilliance
 k - a potion of curing
 m - a potion of haste
 o - a potion of might
 s - a potion of mutation
 x - a potion of berserk rage
 A - 2 potions of heal wounds
 E - a potion of magic
 G - a potion of ambrosia
Books
 q - a manual of Short Blades
Comestibles
 c - 15 rations


   Skills:
 - Level 2.4 Dodging
 - Level 2.4 Stealth
 * Level 11.3 Spellcasting
 * Level 10.3 Conjurations
 + Level 3.8 Hexes
 + Level 3.1 Translocations


You had 19 spell levels left.
You knew the following spells:

 Your Spells              Type           Power        Failure   Level  Hunger
a - Magic Dart            Conj           ####         1%          1    None
c - Iskenderun's Mystic   Conj/Tloc      #####...     1%          4    None
d - Fulminant Prism       Conj/Hex       #####.....   1%          4    None
z - Searing Ray           Conj           ######       1%          2    None

Your spell library contained the following spells:

 Spells                   Type           Power        Failure   Level  Hunger
 Ignite Poison            Fire/Tmut/Pois ###.....     7%          3    None
 Dazzling Flash           Conj/Hex       #####.       1%          3    None


Dungeon Overview and Level Annotations

Branches:
Dungeon (8/15)             Temple (1/1) D:4
   Lair: D:8-11

Altars:
Dithmenos
Gozag
Hepliaklqana
Nemelex Xobeh
Okawaru
Ru
Sif Muna
Uskayaw
Vehumet
Yredelemnul
Zin

Annotations:
D:4 1 runed translucent door, LostGamesStreakFreak's ghost, novice HaAK
D:5 1 runed translucent door, aMcNicky's ghost, novice OgAE
D:7 Gastronok


Message History

The polar bear barely misses you. The polar bear misses you.
You climb upwards.
Level annotation: Gastronok
There is a stone staircase leading down here.
Unknown command.
The polar bear bites you. The polar bear completely misses you.
The polar bear barely misses you.
Gastronok wobbles crazily.
Casting: Fulminant Prism (dangerous; 1% risk of failure)
Confirm with . or Enter, or press ? or * to list all spells.
You erupt in a blast of force!
The mystic blast hits the ogre.
The ogre is lightly wounded.
The ogre is knocked back by the mystic blast.
The mystic blast hits the polar bear!
The polar bear is moderately wounded.
The polar bear is knocked back by the mystic blast.
Gastronok waves his eye-stalks in wide circles.
The air twists around and strikes you!!
Ouch! That really hurt!
You die...

....#....## #..##...#.'...'.#...#
.#.###....###.#.....###'#'#'#....
.### #....##........#.'.#.#.##...
.#.###.##......#.[.###########...
...##..##......###..#..........#.
..((....##.....###.###....###..#.
......<..........#..##....###....
..w.........####.#..#...........#
#........((...##@...#..#.......##
..............<...##(.###.....##
........#.....h.O..#....#......#
........##..w..................#
..###...#............#........##
#..##...##.............).......#
#..###..#.....................##
##......................#..#.##
##.........>............######


You could see Gastronok (swift), a polar bear and an ogre.

Vanquished Creatures
  A troll (D:4)
  A hippogriff (D:4)
  An orc warrior (D:7)
  A black bear (D:6)
  5 ogres
  A necrophage (D:6)
  A phantom (D:7)
  An ice beast (D:5)
  A big kobold (D:7)
  2 elf zombies (D:7)
  3 bullfrogs
  2 scorpions
  A crimson imp (D:3)
  A centaur zombie (D:7)
  A jelly (D:7)
  A hound (D:7)
  3 orc priests
  6 orc wizards
  3 iguanas
  4 worker ants
  2 human skeletons (D:7)
  A hound zombie (D:5)
  A hound skeleton (D:5)
  7 gnolls (D:5)
  5 adders
  2 shadow imps
  An ooze (D:1)
  3 adder skeletons
  4 worms
  3 dart slugs
  3 leopard geckos
  22 orcs
  4 giant cockroaches (D:4)
  16 goblins
  8 hobgoblins
  13 jackals
  15 kobolds
  6 quokkas
  9 bats
  2 frilled lizards
  A jackal skeleton (D:5)
  An orc skeleton (D:7)
  An orc zombie (D:7)
  3 rats
173 creatures vanquished.

Vanquished Creatures (others)
  10 fulminant prisms (D:7)
10 creatures vanquished.

Grand Total: 183 creatures vanquished

Notes
Turn   | Place    | Note
-------+----------+-------------------------------------------
     0 | D:1      | lorenzova the Deep Elf Conjurer began the quest for the
                  | Orb.
     0 | D:1      | Reached XP level 1. HP: 10/10 MP: 6/6
   241 | D:1      | Reached XP level 2. HP: 6/15 MP: 0/8
  1071 | D:2      | Reached skill level 4 in Spellcasting
  1275 | D:2      | Reached skill level 5 in Conjurations
  1275 | D:2      | Reached XP level 3. HP: 19/19 MP: 3/10
  1534 | D:2      | Reached XP level 4. HP: 24/24 MP: 9/12
  1924 | D:3      | Learned a level 2 spell: Searing Ray
  2160 | D:3      | Reached skill level 5 in Spellcasting
  2594 | D:3      | Reached XP level 5. HP: 28/28 MP: 5/14
  2956 | D:4      | Noticed an ogre
  2963 | D:4      | Killed an ogre
  2963 | D:4      | Reached skill level 6 in Spellcasting
  3064 | D:4      | Found a runed translucent door.
  3065 | D:4      | Noticed LostGamesStreakFreak's ghost (novice HaAK)
  3223 | D:4      | Reached XP level 6. HP: 32/32 MP: 11/17
  3266 | D:4      | Noticed a hippogriff
  3270 | D:4      | Noticed a troll
  3284 | D:4      | Killed a hippogriff
  3284 | D:4      | Reached skill level 7 in Spellcasting
  3451 | D:4      | Killed a troll
  3451 | D:4      | Reached skill level 8 in Spellcasting
  3451 | D:4      | Reached XP level 7. HP: 22/36 MP: 6/20
  3652 | D:4      | Found a staircase to the Ecumenical Temple.
  3663 | Temple   | Entered the Ecumenical Temple
  3715 | Temple   | Became a worshipper of Vehumet
  4528 | D:5      | Entered Level 5 of the Dungeon
  4629 | D:5      | Found a runed translucent door.
  4633 | D:5      | Noticed aMcNicky's ghost (novice OgAE)
  4792 | D:5      | Found a glowing silver altar of Zin.
  4969 | D:5      | Reached skill level 9 in Spellcasting
  4973 | D:5      | Reached XP level 8. HP: 30/41 MP: 9/23
  4992 | D:5      | Reached * piety under Vehumet
  4992 | D:5      | Offered knowledge of Freeze by Vehumet.
  5872 | D:5      | Offered knowledge of Shock by Vehumet.
  6413 | D:6      | Got a bloodstained leather armour
  6426 | D:6      | Identified the +1 leather armour "Qahed" {rN+ rCorr} (You
                  | found it on level 6 of the Dungeon)
  6432 | D:6      | Learned a level 4 spell: Iskenderun's Mystic Blast
  6437 | D:6      | Learned a level 4 spell: Fulminant Prism
  6486 | D:6      | Reached ** piety under Vehumet
  6787 | D:6      | Reached skill level 10 in Spellcasting
  6847 | D:6      | Reached skill level 1 in Hexes
  6847 | D:6      | Reached skill level 1 in Translocations
  7687 | D:7      | Reached XP level 9. HP: 45/45 MP: 14/25
  7773 | D:7      | Offered knowledge of Ignite Poison by Vehumet.
  7777 | D:7      | Reached skill level 10 in Conjurations
  7836 | D:7      | Reached skill level 11 in Spellcasting
  7921 | D:7      | Reached *** piety under Vehumet
  8028 | D:7      | Found a sand-covered staircase.
  8547 | D:8      | Noticed a polar bear
  8547 | D:8      | Noticed Gastronok
  9136 | D:7      | Killed from afar by Gastronok

Illustrated notes

Levels and vault maps discovered:
D:1:      dpeg_arrival_chambers_temple_mockup, layout_basic
D:2:      layout_basic
D:3:      layout_basic
D:4:      layout_loops_ring, minmay_temple_entry_butterflies,
          ebering_ghost_reflecting_pool, minmay_manual_maat
D:5:      corexii_shantytown, layout_loops_ring, lemuel_doored_altar,
          first_ration, ebering_ghost_sewer_d
D:6:      layout_basic
D:7:      layout_cave_pools, nicolae_ossuary_entry_catacombs
D:8:      layout_rooms, serial_ice, serial_ice_o, serial_ice_c, serial_ice_f,
          serial_ice_h, uniq_gastronok, uniq_erica, uniq_psyche
Temple:   regret_index_temple_sigil_plot

Skill      XL: |  1  2  3  4  5  6  7  8  9 |
---------------+----------------------------+-----
Spellcasting   | 4 5 6 8 9 10 11 | 11.3
Conjurations   | 5 6 7 8 9 10 | 10.3
Hexes          | 2 3 |  3.8
Translocations | 2 3 |  3.1
Dodging        | |  2.4
Stealth        | |  2.4

Action                   |  1- 3 |  4- 6 |  7- 9 || total
-------------------------+-------+-------+-------++-------
Melee: Unarmed           |       |       |     1 ||     1
       Dagger            |       |       |     8 ||     8
 Cast: Magic Dart        |    53 |    62 |   163 ||   278
       Searing Ray       |       |    10 |    56 ||    66
       Fulminant Prism   |       |       |    10 ||    10
       Iskenderun's Myst |       |       |     1 ||     1
  Use: Scroll            |       |     4 |    10 ||    14
 Stab: Sleeping          |       |       |     4 ||     4
  Eat: Chunk             |     2 |     5 |    15 ||    22
       Ration            |       |       |     1 ||     1
Armor: Robe              |       |     2 |     5 ||     7
       Leather armour    |       |       |     8 ||     8
Dodge: Dodged            |     2 |    15 |    34 ||    51
